 Dungeon Sprint DCSS version 0.30-a0-23-ge60ba3568b (webtiles) character file.

Game seed: 3760218820518989711

6900000 ytrimaz the Conqueror (level 25, -14/234 HPs)
             Began as a Demonspawn Monk on Aug 24, 2022.
             Was the Champion of Makhleb.
             Demolished by a bag of meat
             ... wielding a +9 war axe
              (26 damage)
             ... in the Dungeon (Sprint VIII: "Arena of Blood").
             The game lasted 00:03:08 (69 turns).

ytrimaz the Conqueror (Demonspawn Monk)               Turns: 69, Time: 00:03:09

Health: -14/234    AC:  3    Str: 17    XL:     25   Next: 95%
Magic:  26/46      EV: 35    Int: 12    God:    Makhleb [******]
Gold:   0          SH:  0    Dex: 22    Spells: 62/62 levels left

rFire   . . .      SeeInvis +    i - +∞ Axe of Woe
rCold   . . .      Faith    .    (shield currently unavailable)
rNeg    . . .      Spirit   .    a - +0 robe
rPois   .          Reflect  .    (helmet unavailable)
rElec   .          Harm     .    (no cloak)
rCorr   .          Rampage  .    (gloves unavailable)
Will    +....      NoTele   +    (boots unavailable)
Stlth   ++++++++++               (no amulet)
HPRegen 0.49/turn                (no ring)
MPRegen 0.30/turn                (no ring)

@: no status effects
A: antennae 3, claws 3, hooves 3, spiny 3, demonic magic 2, corrupting presence
2
a: Renounce Religion, Minor Destruction, Lesser Servant of Makhleb, Major
Destruction, Greater Servant of Makhleb


You were in the Dungeon.
You worshipped Makhleb.
Makhleb was exalted by your worship.
You visited 1 branch

Inventory:

Hand Weapons
 i - the +∞ Axe of Woe (weapon)
   (You found it in the Dungeon)
Armour
 a - a +0 robe (worn)
Scrolls
 h - a scroll of blinking
Potions
 b - a potion of ambrosia
 c - a potion of curing
 d - a potion of heal wounds
 e - a potion of haste
 f - 2 potions of magic
 g - a potion of berserk rage


   Skills:
 O Level 27 Fighting
 + Level 19.5(22.6) Short Blades
 + Level 19.2(22.4) Long Blades
 O Level 27 Axes
 + Level 19.3(27) Maces & Flails
 + Level 19.2(27) Polearms
 + Level 19.2(24.9) Staves
 + Level 19.3 Ranged Weapons
 + Level 19.2 Throwing
 + Level 19.2 Armour
 O Level 27 Dodging
 O Level 27 Stealth
 + Level 19.2 Shields
 O Level 27 Unarmed Combat
 + Level 19.2 Spellcasting
 + Level 20.8 Conjurations
 + Level 23.0 Hexes
 + Level 21.1 Summonings
 + Level 22.8 Necromancy
 + Level 19.5 Translocations
 + Level 19.5 Transmutations
 + Level 21.3 Fire Magic
 + Level 21.2 Ice Magic
 + Level 21.2 Air Magic
 + Level 21.3 Earth Magic
 + Level 23.0 Poison Magic
 O Level 27 Invocations
 + Level 22.9 Evocations


You had 62 spell levels left.
You didn't know any spells.
Your spell library was empty.

Dungeon Overview and Level Annotations

Branches:
Dungeon (1/1)

Altars:
Makhleb


Innate Abilities, Weirdness & Mutations

You have a pair of large antennae on your head. (SInv)
You have claws for hands.
You have hooves in place of feet.
You are completely covered in sharp spines.
Spells you cast may paralyse nearby enemies.
Your presence sometimes corrodes or deforms those you injure.


Message History

Something smites you!
You hear a shout!
Things that are here:
a +9 battleaxe; a +30 ring of slaying; a meat berserker corpse You slice the accursed!!
You fatally mangle the accursed.
You destroy the accursed!
Makhleb accepts your kill.
You feel better.
You feel extremely nervous for a moment...
Your body is wracked with pain!
The meat beast appears out of thin air!
A meat beast comes into view. x2
You hear a shout! x3
The accursed gestures at you while chanting.
Something smites you!
Your base Long Blades skill increases to level 19!
Your base Maces & Flails skill increases to level 19!
Your base Polearms skill increases to level 19!
Your base Staves skill increases to level 19!
Your Ranged Weapons skill increases to level 19!
Your Throwing skill increases to level 19!
Your Armour skill increases to level 19!
Your Shields skill increases to level 19!
Your Spellcasting skill increases to level 19!
Your Hexes skill increases to level 23!
Your Summonings skill increases to level 21!
Your Fire Magic skill increases to level 21!
Your Ice Magic skill increases to level 21!
Your Air Magic skill increases to level 21!
Your Earth Magic skill increases to level 21!
Your Poison Magic skill increases to level 23!
Unknown command.
A meat beast comes into view.
You hear a shout! x4
The large bag of meat hits you with a +9 giant spiked club!!!
* * * LOW HITPOINT WARNING * * *
The large bag of meat hits you with a +9 giant spiked club!!
* * * LOW HITPOINT WARNING * * *
The bag of meat is struck by your spines.
The bag of meat hits you with a +9 war axe!!
You die...

...#....)#))....#.#
......_..2)).......
......###)))).....#.
.###....○°)###......
#....))O#......o.
..#....°))#........
..o...).)........O
..o.oO))).....#...
..L......@oo.#..
.WX.X.....O##....
.#XM......#oO....
.....W....#o..##
##.#....2.......
................
..#.....## #...
......... ...


You could see an accursed, a tentacled monstrosity (summoned), 2 meat beasts, a
tyrant, 3 large bags of meat, 2 large abominations, a dread, a meat berserker
(berserk) and 7 bags of meat.

Vanquished Creatures
  A royal mummy (D)
  9 vampire knights (D)
  31 ogres (D)
  6 two-headed ogres (D)
  2 liches (D)
  A hydra (D)
  43 orcs (D)
  3 skeletal warriors (D)
96 creatures vanquished.

Notes
Turn   | Place    | Note
-------+----------+-------------------------------------------
     0 | D        | Found the +∞ Axe of Woe
     0 | D        | ytrimaz the Demonspawn Monk began the quest for the Orb.
     0 | D        | Reached XP level 1. HP: 18/18 MP: 1/1
     2 | D        | Noticed a bag of meat
     2 | D        | Noticed a bag of meat
     3 | D        | Became a worshipper of Makhleb the Destroyer
     3 | D        | Reached * piety under Makhleb
     3 | D        | Reached ** piety under Makhleb
     3 | D        | Noticed a bag of meat
     3 | D        | Noticed a bag of meat
     6 | D        | Noticed a bag of meat
     8 | D        | Noticed a bag of meat
     9 | D        | Noticed a bag of meat
    10 | D        | Killed a bag of meat
    10 | D        | Killed a bag of meat
    10 | D        | Noticed a bag of meat
    10 | D        | Noticed a bag of meat
    11 | D        | Reached skill level 15 in Dodging
    11 | D        | Reached skill level 5 in Stealth
    11 | D        | Reached skill level 15 in Unarmed Combat
    11 | D        | Gained mutation: Spells you cast may paralyse adjacent
                  | enemies. [demonic ancestry]
    11 | D        | Reached XP level 2. HP: 47/47 MP: 2/2
    11 | D        | Discovered your monstrous ancestry.
    11 | D        | Gained mutation: You have a pair of small antennae on your
                  | head. [demonic ancestry]
    11 | D        | Reached XP level 3. HP: 53/53 MP: 3/3
    11 | D        | Gained mutation: You have large cloven feet. [demonic
                  | ancestry]
    11 | D        | Reached XP level 4. HP: 60/60 MP: 4/4
    11 | D        | Reached XP level 5. HP: 67/67 MP: 5/5
    11 | D        | Gained mutation: You have sharp fingernails. [demonic
                  | ancestry]
    11 | D        | Reached XP level 6. HP: 74/74 MP: 6/6
    11 | D        | Gained mutation: Spells you cast may paralyse nearby
                  | enemies. [demonic ancestry]
    11 | D        | Reached XP level 7. HP: 80/80 MP: 7/7
    11 | D        | Reached XP level 8. HP: 87/87 MP: 8/8
    11 | D        | Reached XP level 9. HP: 94/94 MP: 9/9
    11 | D        | Reached XP level 10. HP: 101/101 MP: 10/10
    11 | D        | Gained mutation: You have a pair of antennae on your head.
                  | [demonic ancestry]
    11 | D        | Reached XP level 11. HP: 107/107 MP: 11/11
    11 | D        | Noticed a bag of meat
    12 | D        | Killed a bag of meat
    12 | D        | Killed a bag of meat
    12 | D        | Reached *** piety under Makhleb
    12 | D        | Noticed a meat berserker
    13 | D        | Gained mutation: You are partially covered in sharp spines.
                  | [demonic ancestry]
    13 | D        | Reached XP level 12. HP: 108/120 MP: 12/12
    13 | D        | Gained mutation: You have hoof-like feet. [demonic
                  | ancestry]
    13 | D        | Reached XP level 13. HP: 114/127 MP: 13/13
    13 | D        | Killed a bag of meat
    13 | D        | Noticed a meat berserker
    14 | D        | Killed a meat berserker
    14 | D        | Killed a bag of meat
    14 | D        | Reached **** piety under Makhleb
    15 | D        | Reached XP level 14. HP: 115/141 MP: 14/14
    15 | D        | Killed a bag of meat
    15 | D        | Killed a bag of meat
    16 | D        | Killed a meat berserker
    16 | D        | Noticed a meat berserker
    17 | D        | Gained mutation: You are mostly covered in sharp spines.
                  | [demonic ancestry]
    17 | D        | Reached XP level 15. HP: 108/154 MP: 15/15
    17 | D        | Noticed a meat berserker
    18 | D        | Noticed a meat berserker
    19 | D        | Noticed a large bag of meat
    19 | D        | Noticed a meat berserker
    20 | D        | Killed a meat berserker
    20 | D        | Reached ***** piety under Makhleb
    20 | D        | Noticed a large bag of meat
    20 | D        | Noticed a meat berserker
    20 | D        | Noticed a meat berserker
    20 | D        | Noticed a meat berserker
    20 | D        | Noticed a large bag of meat
    21 | D        | Reached skill level 15 in Axes
    21 | D        | Killed a meat berserker
    21 | D        | Noticed a destroyer
    22 | D        | Gained mutation: You have very sharp fingernails. [demonic
                  | ancestry]
    22 | D        | Reached XP level 16. HP: 166/166 MP: 16/16
    22 | D        | Killed a large bag of meat
    22 | D        | Noticed a meat berserker
    22 | D        | Noticed a destroyer
    23 | D        | Reached skill level 27 in Fighting
    23 | D        | Noticed a large bag of meat
    23 | D        | Noticed a meat berserker
    24 | D        | Noticed a large bag of meat
    24 | D        | Killed a meat berserker
    24 | D        | Killed a meat berserker
    24 | D        | Noticed a meat berserker
    24 | D        | Noticed a meat berserker
    25 | D        | Reached skill level 27 in Dodging
    25 | D        | Reached skill level 27 in Unarmed Combat
    25 | D        | Gained mutation: You have claws for hands. [demonic
                  | ancestry]
    25 | D        | Reached XP level 17. HP: 128/174 MP: 17/17
    25 | D        | Killed a meat berserker
    25 | D        | Killed a destroyer
    25 | D        | Killed a meat berserker
    25 | D        | Reached ****** piety under Makhleb
    26 | D        | Reached skill level 27 in Axes
    26 | D        | Killed a meat berserker
    27 | D        | Gained mutation: You have a pair of large antennae on your
                  | head. (SInv) [demonic ancestry]
    27 | D        | Reached XP level 18. HP: 164/182 MP: 18/18
    28 | D        | Killed a meat berserker
    28 | D        | Killed a meat berserker
    29 | D        | Reached skill level 27 in Stealth
    29 | D        | Killed a destroyer
    29 | D        | Killed a large bag of meat
    30 | D        | Reached XP level 19. HP: 141/189 MP: 18/28
    31 | D        | Reached skill level 10 in Invocations
    31 | D        | Killed a meat berserker
    31 | D        | Killed a large bag of meat
    31 | D        | Killed a meat berserker
    31 | D        | Noticed a meat berserker
    32 | D        | Gained mutation: You have hooves in place of feet. [demonic
                  | ancestry]
    32 | D        | Reached XP level 20. HP: 168/197 MP: 18/32
    32 | D        | Noticed a meat berserker
    34 | D        | Killed a large bag of meat
    34 | D        | Noticed a meat berserker
    35 | D        | Reached skill level 10 in Hexes
    35 | D        | Reached skill level 10 in Necromancy
    35 | D        | Reached skill level 10 in Poison Magic
    35 | D        | Reached skill level 10 in Evocations
    35 | D        | Noticed a destroyer
    36 | D        | Noticed a destroyer
    37 | D        | Reached skill level 10 in Conjurations
    37 | D        | Reached skill level 10 in Summonings
    37 | D        | Reached skill level 10 in Fire Magic
    37 | D        | Reached skill level 10 in Ice Magic
    37 | D        | Reached skill level 10 in Air Magic
    37 | D        | Reached skill level 10 in Earth Magic
    38 | D        | Noticed a meat berserker
    38 | D        | Killed a large bag of meat
    38 | D        | Noticed a meat berserker
    39 | D        | Reached skill level 10 in Short Blades
    39 | D        | Reached skill level 10 in Long Blades
    39 | D        | Reached skill level 10 in Maces & Flails
    39 | D        | Reached skill level 10 in Polearms
    39 | D        | Reached skill level 10 in Staves
    39 | D        | Reached skill level 10 in Ranged Weapons
    39 | D        | Reached skill level 10 in Throwing
    39 | D        | Reached skill level 10 in Armour
    39 | D        | Reached skill level 10 in Shields
    39 | D        | Reached skill level 10 in Spellcasting
    39 | D        | Reached skill level 10 in Translocations
    39 | D        | Reached skill level 10 in Transmutations
    39 | D        | Reached skill level 15 in Invocations
    39 | D        | Noticed a large bag of meat
    40 | D        | Noticed a meat berserker
    40 | D        | Killed a meat berserker
    41 | D        | Reached XP level 21. HP: 204/204 MP: 20/35
    41 | D        | Killed a destroyer
    43 | D        | Noticed a destroyer
    45 | D        | Reached skill level 15 in Hexes
    45 | D        | Reached skill level 15 in Necromancy
    45 | D        | Reached skill level 15 in Poison Magic
    45 | D        | Reached skill level 15 in Evocations
    45 | D        | Gained mutation: You are completely covered in sharp
                  | spines. [demonic ancestry]
    45 | D        | Reached XP level 22. HP: 212/212 MP: 20/38
    46 | D        | Noticed a destroyer
    47 | D        | Reached skill level 15 in Fire Magic
    47 | D        | Reached skill level 15 in Ice Magic
    47 | D        | Reached skill level 15 in Air Magic
    47 | D        | Reached skill level 15 in Earth Magic
    47 | D        | Noticed a destroyer
    48 | D        | Killed a large bag of meat
    49 | D        | Reached skill level 15 in Conjurations
    49 | D        | Reached skill level 15 in Summonings
    49 | D        | Reached XP level 23. HP: 140/219 MP: 21/41
    51 | D        | Noticed a tyrant
    52 | D        | Reached skill level 15 in Short Blades
    52 | D        | Reached skill level 15 in Long Blades
    52 | D        | Reached skill level 15 in Maces & Flails
    52 | D        | Reached skill level 15 in Polearms
    52 | D        | Reached skill level 15 in Staves
    52 | D        | Reached skill level 15 in Ranged Weapons
    52 | D        | Reached skill level 15 in Throwing
    52 | D        | Reached skill level 15 in Armour
    52 | D        | Reached skill level 15 in Shields
    52 | D        | Reached skill level 15 in Spellcasting
    52 | D        | Reached skill level 15 in Translocations
    52 | D        | Reached skill level 15 in Transmutations
    53 | D        | Killed a destroyer
    53 | D        | Killed a destroyer
    54 | D        | Noticed an accursed
    54 | D        | Noticed a tyrant
    55 | D        | Killed a destroyer
    56 | D        | Gained mutation: Your presence sometimes corrodes those you
                  | injure. [demonic ancestry]
    56 | D        | Reached XP level 24. HP: 152/227 MP: 23/43
    57 | D        | Killed a tyrant
    58 | D        | Killed a destroyer
    59 | D        | Noticed a destroyer
    59 | D        | Noticed an accursed
    60 | D        | Noticed a large bag of meat
    60 | D        | Noticed a large bag of meat
    60 | D        | Noticed a destroyer
    61 | D        | Killed a destroyer
    62 | D        | Killed a tyrant
    62 | D        | Noticed a large bag of meat
    62 | D        | Noticed a tyrant
    63 | D        | Reached skill level 27 in Invocations
    63 | D        | Gained mutation: Your presence sometimes corrodes or
                  | deforms those you injure. [demonic ancestry]
    63 | D        | Reached XP level 25. HP: 221/234 MP: 24/45
    65 | D        | Killed a destroyer
    66 | D        | Noticed a dread
    66 | D        | Noticed a dread
    68 | D        | Killed an accursed
    68 | D        | Noticed a meat beast
    69 | D        | Noticed a meat beast
    69 | D        | Noticed a meat beast
    69 | D        | Demolished by a bag of meat

Illustrated notes

Levels and vault maps discovered:
D:        meatsprint

Skill      XL: |  1  2  3  4  5  6  7  8  9 10 11 12 13 14 15 16 17 18 19 20 21 22 23 24 25 |
---------------+----------------------------------------------------------------------------+-----
Fighting       | 17 19 22 25 26 27 | 27.0
Axes           | 6 8 11 14 16 21 27 | 27.0
Dodging        | 15 17 20 22 24 27 | 27.0
Stealth        | 5 6 8 9 11 26 27 | 27.0
Unarmed Combat | 15 17 20 21 23 27 | 27.0
Short Blades   | 6 8 10 12 14 16 18 19 | 19.5
Long Blades    | 6 8 11 12 14 16 18 19 | 19.2
Maces & Flails | 6 8 11 12 14 16 18 19 | 19.3
Polearms       | 6 8 11 12 14 16 18 19 | 19.2
Staves         | 6 8 10 12 14 16 18 19 | 19.2
Ranged Weapons | 6 8 11 12 14 16 18 19 | 19.3
Throwing       | 6 8 10 12 14 16 18 19 | 19.2
Armour         | 6 8 10 12 14 16 18 19 | 19.2
Shields        | 6 8 10 12 14 16 18 19 | 19.2
Spellcasting   | 6 8 10 12 14 16 18 19 | 19.2
Conjurations   | 6 8 11 13 15 17 19 20 | 20.8
Hexes          | 7 9 13 15 17 19 21 23 | 23.0
Summonings     | 6 8 11 13 15 17 19 21 | 21.1
Necromancy     | 7 9 12 15 16 19 21 22 | 22.8
Translocations | 6 8 11 12 14 16 18 19 | 19.5
Transmutations | 6 8 10 12 14 16 18 19 | 19.5
Fire Magic     | 6 9 12 14 16 18 19 21 | 21.3
Ice Magic      | 6 9 12 14 16 18 19 21 | 21.2
Air Magic      | 6 9 12 14 16 18 19 21 | 21.2
Earth Magic    | 6 9 12 14 16 18 19 21 | 21.3
Poison Magic   | 7 9 13 15 17 19 21 23 | 23.0
Invocations    | 9 12 16 19 21 24 27 | 27.0
Evocations     | 7 9 13 15 17 19 21 22 | 22.9

Action                   |  1- 3 |  4- 6 |  7- 9 | 10-12 | 13-15 | 16-18 | 19-21 | 22-24 | 25-27 || total
-------------------------+-------+-------+-------+-------+-------+-------+-------+-------+-------++-------
Melee: Executioner's axe |     1 |       |       |     1 |     6 |     7 |    10 |    13 |     5 ||    43
 Stab: Distracted        |       |       |       |       |       |       |     1 |       |       ||     1
Dodge: Dodged            |       |       |       |       |       |       |     1 |     1 |       ||     2

Table legend: (Time is in decaauts)
 A = Elapsed time spent in this place.
 B = Non-inter-level travel time spent in this place.
 C = Inter-level travel time spent in this place.
 D = Time resting spent in this place.
 E = Time spent auto-exploring this place.
 F = Levels seen in this place.
 G = Mean time per level.
                   A        B        C        D        E       F      G
               +--------+--------+--------+--------+--------+-----+--------+
         Total |     62 |     62 |      0 |      0 |      0 |   1 |   62.0 |
       Dungeon |     62 |     62 |      0 |      0 |      0 |   1 |   62.0 |
               +--------+--------+--------+--------+--------+-----+--------+

Top non-repeatable levels by time:
       D: 62 daAuts
